 Dungeon Crawl Stone Soup version 0.29-a0-876-gfc89b1a5bd (webtiles) character file.

Game seed: 3329109211894005820

130062 tailcall the Peltast (level 16, 0/149 HPs)
             Began as a Minotaur Fighter on July 19, 2022.
             Was the Champion of Qazlal.
             Killed by Olgreb's Toxic Radiance
             ... invoked by a naga ritualist
              (3 damage)
             ... on level 1 of the Snake Pit.
             The game lasted 00:36:46 (26966 turns).

tailcall the Peltast (Minotaur Fighter)            Turns: 26966, Time: 00:36:47

Health: 0/149      AC: 31    Str: 27    XL:     16   Next: 52%
Magic:  0/24       EV: 20    Int:  5    God:    Qazlal [******]
Gold:   386        SH: 19    Dex: 18    Spells: 15/15 levels left

rFire   . . .      SeeInvis .   k - +6 broad axe (spect)
rCold   . . .      Faith    .   n - +3 buckler {reflect}
rNeg    . . .      Spirit   +   j - +3 scale mail {rPois}
rPois   .          Reflect  +   M - +2 hat {Stlth+}
rElec   .          Harm     .   l - +2 cloak
rCorr   .          Rampage  .   H - +2 pair of gloves
Will    +....                   m - +2 pair of boots
Stlth   +.........              b - amulet "Ympadu" {Spirit Regen+ Dex+6 Stlth+}
HPRegen 1.14/turn               O - +4 ring of protection
MPRegen 0.19/turn               X - +4 ring of evasion

@: lethally poisoned (0 -> -4), poison vulnerable, protected from physical
damage, studying Shields, repel missiles
A: horns 2, retaliatory headbutt
a: Renounce Religion, Upheaval, Elemental Force, Disaster Area


You were on level 1 of the Snake Pit.
You worshipped Qazlal.
Qazlal was exalted by your worship.
You visited 7 branches of the dungeon, and saw 26 of its levels.
You visited the Abyss 1 time.
You also visited: Ossuary.

You collected 2382 gold pieces.
You spent 1996 gold pieces at shops.

Inventory:

Hand Weapons
 d - the +8 hand axe "Kishry Deiq" {venom, Str+4 Int+3 Dex-3 Stlth+}
   (You bought it in a shop on level 13 of the Dungeon)

   It poisons the flesh of those it strikes.
   Str:       It affects your strength (+4).
   Int:       It affects your intelligence (+3).
   Dex:       It affects your dexterity (-3).
   Stlth:     It makes you more stealthy.
 k - a +6 spectral broad axe (weapon)
 N - a +4 scimitar of flaming
 V - the +10 whip "Benaotuv" {vamp, rF++ rC+}
   (You found it on level 10 of the Dungeon)

   It occasionally heals its wielder for a portion of the damage dealt when it
   wounds a living foe.
   rF:        It greatly protects you from fire.
   rC:        It protects you from cold.
Missiles
 g - 25 poisoned darts
 u - 4 boomerangs of dispersal
 z - 17 boomerangs (quivered)
 R - 11 curare-tipped darts
 T - 6 javelins
 Z - a throwing net
Armour
 j - a +3 scale mail of poison resistance (worn)
 l - a +2 cloak (worn)
 m - a +2 pair of boots (worn)
 n - a +3 buckler of reflection (worn)
 y - a +2 chain mail of poison resistance
 H - a +2 pair of gloves (worn)
 K - a +2 tower shield of protection
 M - a +2 hat of stealth (worn)
 W - the +1 scale mail of the Durable God {rF+}
   (You found it on level 10 of the Dungeon)

   rF:        It protects you from fire.
 Y - the +0 robe "Egryerph" {Rampage rPois Will+++ Dex-2 Archmagi}
   (You found it on level 1 of the Elven Halls)

   Dex:       It affects your dexterity (-2).
   rPois:     It protects you from poison.
   Rampage:   It bestows one free step when moving towards enemies.
   Archmagi:  It increases the power of your magical spells.
   Will:      It greatly increases your willpower.
Jewellery
 b - the amulet "Ympadu" (around neck) {Spirit Regen+ Dex+6 Stlth+}
   (You found it on level 5 of the Lair of Beasts)

   [amulet of guardian spirit]

   It causes incoming damage to be divided between your reserves of health and
   magic.
   Dex:       It affects your dexterity (+6).
   Regen:     It increases your rate of health regeneration.
   Stlth:     It makes you more stealthy.
 e - a ring of see invisible
 p - a ring of willpower
 q - a +4 ring of protection
 E - a ring of protection from cold
 G - a ring of resist corrosion
 O - a +4 ring of protection (left hand)
 Q - a ring of protection from fire
 X - a +4 ring of evasion (right hand)
Wands
 i - a wand of digging (15)
 A - a wand of flame (27)
 J - a wand of polymorph (6)
 L - a wand of quicksilver (2)
 P - a wand of charming (4)
Scrolls
 c - a scroll of summoning
 s - 5 scrolls of teleportation
 w - 5 scrolls of poison
 B - 2 scrolls of fear
 C - 5 scrolls of fog
 S - 4 scrolls of blinking
 U - 2 scrolls of magic mapping
Potions
 a - a potion of berserk rage
 f - 16 potions of curing
 h - 7 potions of mutation
 o - 3 potions of flight
 r - 3 potions of heal wounds
 t - 2 potions of resistance
 v - 2 potions of haste
 x - 2 potions of magic
 D - a potion of invisibility
 F - 3 potions of cancellation
Miscellaneous
 I - a phial of floods


   Skills:
 * Level 15.3 Fighting
 * Level 15.0 Axes
 * Level 12.6 Throwing
 + Level 11.5 Armour
 + Level 9.9 Dodging
 * Level 15.5 Shields
 * Level 12.4 Invocations
 + Level 7.0 Evocations


You had 15 spell levels left.
You didn't know any spells.
Your spell library contained the following spells:

 Spells                   Type           Power      Damage    Failure   Level
 Apportation              Tloc           0%         N/A       75%         1
 Necrotise                Necr           0%         1d4       75%         1
 Summon Small Mammal      Summ           0%         N/A       75%         1
 Poisonous Vapours        Pois/Air       0%         N/A       86%         2
 Scorch                   Fire           0%         2d5       86%         2
 Wereblood                Tmut           0%         N/A       86%         2
 Confusing Touch          Hex            0%         N/A       98%         3
 Conjure Flame            Conj/Fire      0%         6-21      98%         3
 Ignite Poison            Fire/Tmut/Pois 0%         N/A       98%         3
 Spider Form              Tmut/Pois      0%         N/A       98%         3
 Swiftness                Air            0%         N/A       98%         3
 Corpse Rot               Necr/Pois/Air  0%         N/A       100%        4
 Flame Wave               Conj/Fire      0%         2d4       100%        4
 Sticky Flame             Conj/Fire      0%         2d3       100%        4
 Freezing Cloud           Conj/Ice/Air   0%         6-21      100%        5
 Irradiate                Conj/Tmut      0%         3d11      100%        5
 Yara's Violent Unravell  Hex/Tmut       0%         3d3       100%        5
 Simulacrum               Ice/Necr       0%         N/A       100%        6
 Summon Cactus Giant      Summ           0%         N/A       100%        6
 Enfeeble                 Hex            0%         N/A       100%        7
 Polar Vortex             Ice            0%         N/A       100%        9


Dungeon Overview and Level Annotations

Branches:
Dungeon (15/15)            Temple (1/1) D:4            Lair (5/5) D:11
 Shoals (1/4) Lair:2        Snake (1/4) Lair:3        Slime (0/5) Lair:4
    Orc (2/2) D:12            Elf (1/3) Orc:2        Vaults (0/5) D:14
 Depths (0/4) D:15        Ossuary (visited)

Altars:
Ashenzari
Cheibriados
Dithmenos
Elyvilon
Fedhas
Gozag
Hepliaklqana
Kikubaaqudgha
Makhleb
Okawaru
Qazlal
Ru
Sif Muna
Trog
Uskayaw
Vehumet
Wu Jian
Xom
Yredelemnul
Zin
Jiyva

Shops:
D:2 :   D:5 *[[[*   D:9 ?   D:13 (   Orc:1 [(   Orc:2 [*:([   Elf:1 [

Portals:
Trove: Elf:1 (show slimy rune of Zot)


Innate Abilities, Weirdness & Mutations

You have a pair of horns on your head.
You reflexively headbutt those who attack you in melee.


Message History

The black mamba is engulfed in freezing vapours.
The black mamba seems to slow down.
The black mamba is engulfed in freezing vapours.
The naga warrior hits you but does no damage.
The naga warrior constricts you. You block the naga ritualist's attack.
The naga warrior hits you with a +2 vorpal hand axe!!
* * * LOW HITPOINT WARNING * * *
You feel more protected from physical attacks.
* * * LOW HITPOINT WARNING * * *
You block the naga's attack.
The black mamba is engulfed in freezing vapours.
You kill the black mamba!
Qazlal accepts your kill.
The naga warrior hits you but does no damage.
The naga warrior constricts you.
* * * LOW HITPOINT WARNING * * *
The naga ritualist utters an invocation to its god.
The naga ritualist begins to radiate toxic energy.
* * * LOW HITPOINT WARNING * * *
You are more poisoned.
The naga warrior spits poison at you. The splash of poison misses you.
The splash of poison hits the naga.
Unknown command.
Unknown command.
Blink to where?
Press: ? - help, Dir - move target You escape the naga warrior's grasp.
As you read the scroll of blinking, it crumbles to dust.
You feel very sick.
* * * LOW HITPOINT WARNING * * *
You are more poisoned.
The naga ritualist spits poison at you.
Your +3 buckler of reflection reflects the splash of poison!
The splash of poison hits the naga ritualist.
Okay, then.
You feel yourself speed up.
You feel very sick.
* * * LOW HITPOINT WARNING * * *
You are lethally poisoned!
You die...

#...........
#...../.....
#....#......
#..)†.......
#.○.N.......
#.§NN##.....
#.○N†#......
##.○.........
#.☼.@.○.#####
#...###○.#
#...# ....^
....# .###..
...# .. ..
... ## # .


You could see 2 naga warriors, a naga ritualist (strong, toxic aura) and a naga
(strong).

Vanquished Creatures
  Rupert (D:14)
  An Executioner (Abyss:3)
  2 tentacled starspawn (Abyss:3)
  A fenstrider witch (shapeshifter) (D:10)
  An orc warlord (Orc:2)
  A stone giant (D:15)
  A lorocyproca (Abyss:3)
  2 deep elf demonologists (Elf:1)
  5 dire elephants (Lair:5)
  A deep elf annihilator (Elf:1)
  The ghost of Capogack the Severer, a journeyman MiFi of Hepliaklqana (Lair:5)
  A vault guard (D:14)
  2 boulder beetles
  3 hydras
  2 rakshasas
  2 catoblepae (Lair:3)
  4 centaur warriors
  3 ogre magi
  Erica (Lair:1)
  5 dancing weapons
  9 two-headed ogres
  2 anacondas (Snake:1)
  A death knight (D:14)
  7 death yaks (Lair:5)
  An orc high priest (Orc:2)
  2 tengu warriors (D:14)
  4 deep elf knights
  A wretched star (Abyss:3)
  Sonja (Lair:1)
  A fire crab (shapeshifter) (D:14)
  A spectral anaconda (Lair:5)
  5 skeletal warriors (D:13)
  A sea snake (Lair:2)
  5 deep elf archers
  A flayed ghost (Abyss:3)
  A wizard (D:14)
  An obsidian statue (Lair:5)
  4 necromancers (Lair:5)
  21 deep elf pyromancers
  10 deep elf zephyrmancers
  3 orc sorcerers (Orc:2)
  4 orc knights
  3 mana vipers (Snake:1)
  5 cyclopes
  3 manticores
  10 ugly things
  A guardian serpent (Snake:1)
  2 black mambas
  A merfolk siren (Lair:2)
  2 torpor snails (Lair:2)
  19 elephants
  10 cane toads
  2 gargoyles
  An unseen horror (D:12)
  3 kobold demonologists (D:11)
  9 komodo dragons
  10 rime drakes
  4 efreet
  2 tengu conjurers (D:15)
  An unseen horror (shapeshifter) (Elf:1)
  2 freezing wraiths (D:14)
  2 yaktaurs
  7 trolls
  9 slime creatures
  Prince Ribbit (D:7)
  A hornet (D:10)
  2 polar bears
  4 raiju (Abyss:3)
  14 blink frogs
  A centaur simulacrum (D:15)
  A culicivora (shapeshifter) (D:13)
  12 wyverns
  3 wraiths
  2 dire elephant simulacra (Lair:5)
  9 basilisks
  2 vampires
  4 water elementals
  2 shadows (D:10)
  39 yaks
  3 steam dragons
  A fire elemental (Orc:2)
  A chaos spawn (Abyss:3)
  A death yak simulacrum (Lair:5)
  3 nagas
  6 wargs
  2 acid dragons (D:10)
  A hell hound (Lair:4)
  13 water moccasins
  9 large abominations (Abyss:3)
  26 orc warriors
  3 sky beasts
  2 black bears
  An elephant zombie (Lair:5)
  5 centaurs
  11 wolves (Lair:2)
  11 ogres
  7 bullfrogs
  2 small abominations (Abyss:3)
  2 kobold brigands
  4 scorpions
  2 necrophages
  3 cane toad simulacra (Lair:5)
  3 wights (D:7)
  An elephant simulacrum (Lair:5)
  3 killer bees
  2 electric eels
  5 howler monkeys
  A crimson imp (D:14)
  2 centaur zombies (Ossuary)
  A black bear zombie (Ossuary)
  A human zombie (Ossuary)
  5 jellies
  19 orc priests
  A gnoll bouda (D:5)
  A hound (D:4)
  A bullfrog zombie (Ossuary)
  An iron imp (Abyss:3)
  A centaur skeleton (Ossuary)
  7 iguanas
  20 orc wizards
  5 hell rats (Lair:4)
  5 mummies
  6 gnolls
  5 adders
  A shadow imp (D:5)
  An ufetubus (D:5)
  3 worms
  3 dart slugs
  53 orcs
  4 bats
  A bat zombie (D:10)
  4 endoplasms
  3 giant cockroaches
  7 goblins
  3 hobgoblins
  4 quokkas
  3 ball pythons
  5 frilled lizards
  A goblin zombie (Ossuary)
  16 hobgoblin zombies (Ossuary)
  A jackal zombie (Ossuary)
  25 kobolds
  9 kobold zombies (Ossuary)
  3 orc zombies (Ossuary)
  A rat (D:3)
  6 rat zombies
  3 bushes
  2 starspawn tentacles (Abyss:3)
708 creatures vanquished.

Vanquished Creatures (collateral kills)
  Ijyb (D:5)
  An orc (D:5)
2 creatures vanquished.

Vanquished Creatures (others)
  A deep elf knight (Orc:2)
  A deep elf pyromancer (Elf:1)
  A centaur simulacrum (D:10)
  2 bushes (Lair:4)
  21 fungi
  24 plants
  3 starspawn tentacles (Abyss:3)
  26 withered plants (Lair:5)
79 creatures vanquished.

Grand Total: 789 creatures vanquished

Notes
Turn   | Place    | Note
-------+----------+-------------------------------------------
     0 | D:1      | tailcall the Minotaur Fighter began the quest for the Orb.
     0 | D:1      | Reached XP level 1. HP: 19/19 MP: 0/0
   300 | D:1      | Reached XP level 2. HP: 20/27 MP: 1/1
  1013 | D:2      | Found Iciqin's Book Shop.
  1018 | D:2      | Reached XP level 3. HP: 29/33 MP: 2/2
  1060 | D:2      | Reached skill level 1 in Throwing
  1847 | D:3      | Found a faded altar of an unknown god.
  2032 | D:3      | Reached XP level 4. HP: 40/40 MP: 3/3
  2052 | D:3      | Reached skill level 1 in Dodging
  2515 | D:4      | Reached XP level 5. HP: 42/47 MP: 4/4
  2555 | D:4      | Found a radiant altar of Vehumet.
  3167 | D:4      | Found a staircase to the Ecumenical Temple.
  3176 | Temple   | Entered the Ecumenical Temple
  3204 | Temple   | Became a worshipper of Qazlal Stormbringer
  3273 | D:5      | Entered Level 5 of the Dungeon
  3273 | D:5      | Found Cutaerghi's Antique Armour Shop.
  3376 | D:5      | Bought a glowing chain mail for 202 gold pieces
  3388 | D:5      | Reached skill level 5 in Fighting
  3509 | D:5      | Noticed Ijyb
  3512 | D:5      | Reached XP level 6. HP: 40/56 MP: 5/5
  3517 | D:5      | Reached skill level 1 in Invocations
  3517 | D:5      | HP: 1/56 [orc wizard/magic dart (5)]
  3526 | D:5      | HP: 2/56 [orc/+0 club (3)]
  3539 | D:5      | Killed Ijyb
  3709 | D:5      | Found Kicruodi's Antique Armour Boutique.
  3767 | D:5      | Reached XP level 7. HP: 48/61 MP: 7/7
  4131 | D:5      | Reached * piety under Qazlal
  4179 | D:5      | Found Ucwooss's Antique Armour Emporium.
  4339 | D:5      | Found Caes's Assorted Antiques.
  4348 | D:5      | Reached skill level 5 in Axes
  4395 | D:5      | Bought a coppery potion for 19 gold pieces
  4534 | D:5      | Found Worepuen's General Store.
  4550 | D:5      | Bought a scroll of identify for 24 gold pieces
  4550 | D:5      | Bought a scroll of identify for 24 gold pieces
  4681 | D:6      | Reached skill level 5 in Armour
  4681 | D:6      | Reached skill level 5 in Shields
  4740 | D:6      | Reached XP level 8. HP: 70/70 MP: 9/9
  4881 | D:6      | Found a bloodstained altar of Trog.
  6182 | D:7      | Found a blossoming altar of Fedhas.
  6433 | D:7      | Noticed Prince Ribbit
  6440 | D:7      | Reached XP level 9. HP: 67/79 MP: 11/11
  6451 | D:7      | Killed Prince Ribbit
  6452 | D:7      | Reached skill level 5 in Throwing
  6751 | D:5      | Bought a pair of runed gloves for 165 gold pieces
  6989 | D:8      | Found a shadowy altar of Dithmenos.
  7021 | D:8      | Found a sand-covered staircase.
  7027 | Ossuary  | Entered an ossuary
  7294 | Ossuary  | Reached ** piety under Qazlal
  7479 | D:8      | Reached *** piety under Qazlal
  7496 | D:8      | Reached skill level 5 in Invocations
  8164 | D:5      | Bought a +0 hat of stealth for 132 gold pieces
  8288 | D:9      | Reached XP level 10. HP: 89/90 MP: 13/13
  8523 | D:9      | Found a snail-covered altar of Cheibriados.
  8551 | D:9      | Found Gesostru's Magic Scroll Boutique.
  8913 | D:9      | Bought a scroll of identify for 22 gold pieces
  9023 | D:9      | Found a shimmering blue altar of Sif Muna.
  9032 | D:9      | Found an opulent altar of Gozag.
  9070 | D:10     | Entered Level 10 of the Dungeon
  9089 | D:10     | Found a glowing silver altar of Zin.
  9113 | D:10     | Found a shimmering altar of Xom.
  9245 | D:10     | Found an iron altar of Okawaru.
  9483 | D:10     | Found a white marble altar of Elyvilon.
  9514 | D:10     | Reached skill level 1 in Evocations
  9725 | D:10     | Found an ancient bone altar of Kikubaaqudgha.
  9804 | D:10     | Reached **** piety under Qazlal
  9856 | D:10     | Noticed a gargoyle
  9874 | D:10     | Killed a gargoyle
  9882 | D:10     | Reached skill level 5 in Dodging
  9885 | D:10     | Noticed a two-headed ogre
  9907 | D:10     | HP: 4/91 [two-headed ogre/+0 giant club (12)]
 10372 | D:10     | Noticed an orc knight
 10427 | D:10     | Killed an orc knight
 10643 | D:10     | Noticed a fenstrider witch
 10656 | D:10     | Killed a fenstrider witch
 10657 | D:10     | Reached XP level 11. HP: 47/97 MP: 13/15
 11002 | D:10     | Got the Atlas of Ghastly Shaping
 11005 | D:10     | Got the Folio of the Sky and Imprecation
 11006 | D:10     | Identified the +10 whip "Benaotuv" {vamp, rF++ rC+}
 11016 | D:10     | Identified the +1 scale mail of the Durable God {rF+}
 11237 | D:11     | Noticed a two-headed ogre
 11358 | D:10     | Killed a two-headed ogre
 11449 | D:11     | Found a staircase to the Lair.
 11452 | D:11     | Noticed a centaur warrior
 11454 | D:11     | Noticed a rakshasa
 11462 | D:11     | Reached skill level 10 in Fighting
 11466 | D:11     | Killed a centaur warrior
 11488 | D:11     | Killed a rakshasa
 12346 | D:12     | Noticed a deep elf pyromancer
 12357 | D:12     | Killed a deep elf pyromancer
 12358 | D:12     | Reached skill level 10 in Axes
 12417 | D:12     | Noticed a four-headed hydra
 12427 | D:12     | Killed a four-headed hydra
 12440 | D:12     | Noticed a deep elf pyromancer
 12459 | D:12     | Killed a deep elf pyromancer
 12728 | D:12     | Found a staircase to the Orcish Mines.
 12832 | Orc:1    | Entered Level 1 of the Orcish Mines
 12852 | D:12     | Reached XP level 12. HP: 108/108 MP: 16/16
 12860 | Orc:1    | Reached ***** piety under Qazlal
 13030 | Orc:2    | Entered Level 2 of the Orcish Mines
 13030 | Orc:2    | Found Bany's Antique Armour Shoppe.
 13048 | Orc:2    | Noticed an orc high priest
 13418 | Orc:2    | Killed an orc high priest
 13990 | Orc:2    | Noticed an orc warlord
 13991 | Orc:2    | Found Effiliuq's Book Shop.
 14120 | Orc:2    | Killed an orc warlord
 14313 | Orc:2    | Found Debofoib's Antique Armour Shop.
 14347 | Orc:2    | Bought a runed hat for 210 gold pieces
 14618 | Orc:2    | Found a staircase to the Elven Halls.
 14666 | Orc:2    | Found Feedunt's Antique Weapon Shop.
 14681 | Orc:2    | Found Cepn's General Store.
 14688 | Orc:2    | Bought 2 potions of curing for 78 gold pieces
 14913 | Orc:2    | Bought a glowing buckler for 270 gold pieces
 14954 | Orc:1    | Found Biorem's Antique Weapon Shop.
 14956 | Orc:1    | Paralysed by an orc sorcerer for 2 turns
 15410 | Orc:1    | Found Itiug's Armour Emporium.
 15727 | D:13     | Noticed a centaur warrior
 15734 | D:13     | Killed a centaur warrior
 15834 | D:13     | Reached XP level 13. HP: 104/117 MP: 18/18
 16295 | D:13     | Found Loipuw's Antique Weapon Shoppe.
 16302 | D:13     | Bought an ebony hand axe for 216 gold pieces
 16302 | D:13     | Identified the +8 hand axe "Kishry Deiq" {venom, Str+4
                  | Int+3 Dex-3 Stlth+} (You bought it in a shop on level 13 of
                  | the Dungeon)
 16605 | D:9      | Bought a scroll of enchant weapon for 82 gold pieces
 16759 | D:14     | Reached ****** piety under Qazlal
 17069 | D:14     | Noticed Rupert
 17087 | D:14     | Killed Rupert
 17095 | D:14     | Reached skill level 10 in Throwing
 17095 | D:14     | Reached skill level 5 in Evocations
 17627 | D:14     | Found a gate to the Vaults.
 17791 | D:14     | Identified a scroll of acquirement
 17792 | D:14     | Acquired a manual of Shields
 18087 | D:15     | Entered Level 15 of the Dungeon
 18135 | D:15     | Reached skill level 10 in Invocations
 18139 | D:15     | Reached XP level 14. HP: 86/127 MP: 20/20
 18140 | D:15     | Reached skill level 10 in Shields
 18769 | D:15     | Found a staircase to the Depths.
 18772 | D:15     | Noticed a stone giant
 18832 | D:15     | Killed a stone giant
 18996 | Lair:1   | Entered Level 1 of the Lair of Beasts
 19213 | Lair:1   | Reached skill level 10 in Armour
 19213 | Lair:1   | Noticed Erica
 19218 | Lair:1   | Killed Erica
 19524 | Lair:1   | Noticed Sonja
 19531 | Lair:1   | Killed Sonja
 19719 | Lair:1   | You fall into a shaft and drop 1 floor!
 19730 | Lair:2   | Found a staircase to the Shoals.
 19885 | Lair:2   | Found a shimmering altar of Xom.
 20086 | Lair:2   | Found a snail-covered altar of Cheibriados.
 20913 | Shoals:1 | Entered Level 1 of the Shoals
 21354 | Lair:3   | Found a staircase to the Snake Pit.
 21804 | Lair:4   | Reached XP level 15. HP: 85/137 MP: 22/22
 22407 | Lair:4   | Found a viscous altar of Jiyva.
 22407 | Lair:4   | Found a staircase to the Slime Pits.
 22691 | Lair:5   | Entered Level 5 of the Lair of Beasts
 23015 | Lair:5   | Found a large runed translucent door.
 23016 | Lair:5   | Found a large runed translucent door.
 23016 | Lair:5   | Noticed Capogack's ghost (journeyman MiFi)
 24400 | Lair:5   | Identified the amulet "Ympadu" {Spirit Regen+ Dex+6 Stlth+}
 24753 | Lair:5   | Killed Capogack's ghost
 25355 | D:5      | Bought a runed amethyst amulet for 110 gold pieces
 25355 | D:5      | Bought a glowing tower shield for 165 gold pieces
 25631 | Elf:1    | Entered Level 1 of the Elven Halls
 25878 | Elf:1    | Reached XP level 16. HP: 143/147 MP: 21/23
 25987 | Elf:1    | Found Vexykin's Antique Armour Emporium.
 25995 | Elf:1    | Bought a glowing cloak for 277 gold pieces
 26134 | Elf:1    | Reached skill level 15 in Fighting
 26142 | Elf:1    | Found a portal to a secret trove of treasure.
 26245 | Elf:1    | Reached skill level 15 in Shields
 26411 | Abyss:2  | Cast into level 2 of the Abyss (a deep elf demonologist)
 26417 | Abyss:2  | Found a corrupted altar of Lugonu.
 26478 | Abyss:3  | Found a corrupted altar of Lugonu.
 26555 | Abyss:3  | Noticed a tentacled starspawn
 26561 | Abyss:3  | Killed a tentacled starspawn
 26589 | Abyss:3  | Noticed an Executioner
 26597 | Abyss:3  | Killed an Executioner
 26612 | Abyss:3  | Found a corrupted altar of Lugonu.
 26619 | Abyss:3  | Noticed a tentacled starspawn
 26624 | Abyss:3  | Killed a tentacled starspawn
 26654 | Elf:1    | Escaped the Abyss
 26669 | Elf:1    | Identified the +0 robe "Egryerph" {Rampage rPois Will+++
                  | Dex-2 Archmagi}
 26950 | Snake:1  | Entered Level 1 of the Snake Pit
 26958 | Snake:1  | Reached skill level 15 in Axes
 26966 | Snake:1  | HP: 6/149 [poisoned by a naga ritualist (toxic radiance)]
 26966 | Snake:1  | Killed from afar by a naga ritualist

Illustrated notes

Levels and vault maps discovered:
D:1:      dpeg_arrival_circle_labyrinth_c, layout_basic
D:2:      layout_rooms, serial_shops, nicolae_shop_crystal
D:3:      layout_loops_corners, basic_ecumenical_altar
D:4:      layout_gridville, fiery_altar_vehumet, temple_hall
D:5:      layout_rooms, serial_shops, shop, nicolae_shop_hallway_plus,
          nicolae_shop_trees, nicolae_shop_overgrown_old_shop,
          nicolae_shop_window_shopping, uniq_ijyb
D:6:      layout_basic, trog_three_pillars_becter
D:7:      layout_basic, fedhas_bush_and_centaur_altar, kennysheep_nondescript,
          uniq_prince_ribbit1
D:8:      layout_loops_ring, nicolae_dithmenos_shadow_blocks,
          nicolae_ossuary_entry_ruins, grunt_decor_mini_mirrors
D:9:      layout_loops_ring, slow_altar_1, mainiacjoe_overflow_swirl,
          serial_shops, nicolae_shop_hallway_stairs, dreamdust_princess_corridor
D:10:     minmay_the_grid_triangle_9x9_rhombus_thin
          [minmay_the_grid_triangle_9x9_windchime,
          minmay_the_grid_triangle_9x9_prize_schism,
          minmay_the_grid_triangle_9x9_zippers_vertical,
          minmay_the_grid_triangle_9x9_odd_lines], layout_loops_corners,
          lemuel_zombie_altar_kikubaaqudgha, okawaru_ov_weapons_minmay,
          mainiacjoe_overflow_catwalk, zin_treasury,
          mainiacjoe_overflow_chevrons, minivault_1
D:11:     hellmonk_destroyed_diamonds, layout_long_grid,
          erik_lair_orcish_takeover
D:12:     layout_big_octagon
D:13:     layout_stronghold, serial_shops, nicolae_shop_statue_plus
D:14:     layout_gridville, david_vaults_5, minivault_14,
          chequers_serial_rivers_large_b, chequers_serial_rivers_micro_e,
          lightli_wizard_tower, uniq_rupert
D:15:     grunt_enter_depths_giant_problem, layout_cave_pools
Temple:   eino_wide_crystal_templ
Lair:1:   layout_cave_shapes, lemuel_old_faithful, grunt_megastairs_1,
          uniq_erica, uniq_sonja
Lair:2:   layout_roguey, minmay_shoals_entry_lonely_mermaid, basic_altar,
          kennysheep_snail_temple
Lair:3:   layout_hall_layers, guppyfry_snake_entry_island
Lair:4:   layout_roguey [special_room_mythical_zoo], dpeg_slime_entry_enclosed,
          serial_forest, infiniplex_forest_lined_2,
          infiniplex_forest_straight_4, infiniplex_forest_lined_room_3,
          infiniplex_forest_straight_5, infiniplex_forest_lined_corner,
          infiniplex_forest_lined_ring, infiniplex_forest_fountain,
          infiniplex_forest_end_2, nicolae_quartered_pool_medium
Lair:5:   due_jungle_book, layout_loops_ring, ebering_ghost_disaster_area,
          serial_bayou_shore_b, serial_bayou_shore_b
Shoals:1: layout_shoals, serial_shops, shop
Snake:1:  layout_rooms, serial_shops, nicolae_shop_stone, nicolae_integral_box,
          uniq_asterion
Orc:1:    layout_caves, serial_shops, shop, shop
Orc:2:    grunt_orc_cross, layout_caves, serial_shops, shop,
          nicolae_orc_lava_room
Elf:1:    minmay_elf_arrival_circle, layout_gridlike, enter_trove_0,
          serial_shops, shop, hangedman_elf_represent, lemuel_upstairs_altar

Skill      XL: |  1  2  3  4  5  6  7  8  9 10 11 12 13 14 15 16 |
---------------+-------------------------------------------------+-----
Fighting       | 4 5 6 7 8 9 10 11 12 13 14 15 | 15.3
Axes           | 3 4 5 6 7 9 10 11 12 13 14 15 | 15.0
Throwing       | 1 2 3 4 6 7 8 9 10 11 12 | 12.6
Shields        | 4 5 6 7 8 9 12 14 15 | 15.5
Dodging        | 1 2 3 4 5 6 7 8 9 |  9.9
Armour         | 4 5 6 7 8 9 10 11 | 11.5
Invocations    | 1 3 4 5 6 7 9 10 11 12 | 12.4
Evocations     | 2 3 4 5 6 7 |  7.0

Action                   |  1- 3 |  4- 6 |  7- 9 | 10-12 | 13-15 | 16-18 || total
-------------------------+-------+-------+-------+-------+-------+-------++-------
Melee: War axe           |    85 |    76 |   287 |    35 |       |       ||   483
       Headbutt          |    11 |    20 |    75 |   114 |   169 |    36 ||   425
       Hand axe          |       |       |       |   313 |       |       ||   313
       Broad axe         |       |       |       |   121 |   604 |   129 ||   854
       Scimitar          |       |       |       |       |     8 |       ||     8
Throw: Dart              |       |     4 |    16 |    90 |    19 |       ||   129
       Boomerang         |       |       |       |    17 |    27 |       ||    44
Evoke: Phial of floods   |       |       |       |     1 |     1 |       ||     2
       Wand              |       |       |       |     4 |     8 |       ||    12
  Use: Potion            |       |     4 |       |     3 |     1 |     1 ||     9
       Scroll            |       |     2 |    19 |    15 |     5 |     1 ||    42
 Stab: Distracted        |       |       |       |     2 |     3 |     2 ||     7
       Petrified         |       |       |       |       |    15 |       ||    15
       Petrifying        |       |       |       |       |     3 |       ||     3
Armor: Scale mail        |    44 |    34 |   156 |   241 |   206 |    31 ||   712
Dodge: Dodged            |    35 |    39 |   133 |   190 |   236 |    57 ||   690
       Repelled          |       |       |       |     3 |     7 |     4 ||    14
Block: Buckler           |    24 |    22 |    93 |   294 |   411 |   107 ||   951
       Reflection        |       |       |       |       |    19 |    10 ||    29

Table legend: (Time is in decaauts)
 A = Elapsed time spent in this place.
 B = Non-inter-level travel time spent in this place.
 C = Inter-level travel time spent in this place.
 D = Time resting spent in this place.
 E = Time spent auto-exploring this place.
 F = Levels seen in this place.
 G = Mean time per level.
                   A        B        C        D        E       F      G
               +--------+--------+--------+--------+--------+-----+--------+
         Total |  27135 |  24803 |   2332 |    606 |  19843 |  29 |  935.7 |
       Dungeon |  16572 |  14900 |   1672 |    138 |  12213 |  15 | 1104.8 |
        Temple |     44 |     29 |     15 |      0 |     20 |   1 |   44.0 |
          Lair |   6117 |   5690 |    427 |      0 |   4891 |   5 | 1223.4 |
        Shoals |      3 |      3 |      0 |      0 |      0 |   1 |    3.0 |
     Snake Pit |     19 |     19 |      0 |      0 |      1 |   1 |   19.0 |
  Orcish Mines |   2883 |   2703 |    180 |    468 |   1788 |   2 | 1441.5 |
   Elven Halls |    808 |    770 |     38 |      0 |    536 |   1 |  808.0 |
         Abyss |    235 |    235 |      0 |      0 |     95 |   2 |  117.5 |
       Ossuary |    449 |    449 |      0 |      0 |    298 |   1 |  449.0 |
               +--------+--------+--------+--------+--------+-----+--------+

Top non-repeatable levels by time:
    D:10: 2470 daAuts
  Lair:5: 2212 daAuts
   Orc:2: 1623 daAuts
     D:5: 1620 daAuts
  Lair:2: 1459 daAuts
    D:13: 1281 daAuts
   Orc:1: 1260 daAuts
     D:7: 1239 daAuts
    D:14: 1175 daAuts
    D:11: 1150 daAuts
     D:6: 1125 daAuts
  Lair:4: 1056 daAuts
     D:1: 1020 daAuts
     D:3: 917 daAuts
  Lair:1: 912 daAuts
